[Event "MCCT Oslo Esports Cup 2022"]
[Site "Oslo"]
[Date "2022.04.20"]
[Round "5.2"]
[White "Giri, Anish"]
[Black "Mamedyarov, Shakhriyar"]
[Result "1/2-1/2"]
[ECO "B33"]
[WhiteElo "2773"]
[BlackElo "2771"]
[Annotator "TA"]
[PlyCount "135"]
[EventDate "2022.04.14"]
[EventType "tourn"]
[EventCountry "NOR"]
[SourceTitle "playchess.com"]
[Source "ChessBase"]
[SourceQuality "1"]
[TimeControl "900+10"]

1. e4 c5 2. Nf3 e6 3. d4 cxd4 4. Nxd4 Nf6 5. Nc3 Nc6 6. Ndb5 d6 7. Bf4 e5 8. Bg5 a6 9. Na3 b5 10. Nd5 Be7 11. Bxf6 Bxf6 12. c3 Ne7 13. Nxf6+ gxf6 14. g3 Bb7 15. Bg2 f5 16. Qe2 O-O 17. Nc2 fxe4 18. Bxe4 Bxe4 19. Qxe4 f5 20. Qe2 f4 21. O-O-O Qb6 22. Qg4+ Kh8 23. gxf4 Rxf4 24. Qe6 Ng6 25. h4 (25. Ne3 $14 Qc6 26. Qxd6 Qxd6 27. Rxd6) 25... Rd8 (25... Qxf2 26. h5 Nh4 27. Qxd6 $16) 26. Kb1 Qxf2 27. h5 Rf6 $1 28. Qg4 Ne7 29. h6 (29. Rhe1 $11 {remains equal.}) 29... Rg8 (29... Nf5 $1 $17 {[%cal Of2c2] White must now prevent ...Qxc2+!} 30. Qg5 Rdf8) 30. Qd7 $15 Nf5 31. Rhf1 Qe2 32. Rc1 Qg4 33. Qa7 Rxh6 34. Qxa6 Ng3 35. Rg1 Qa4 36. Qb6 Qc4 37. Na3 Qe4+ 38. Ka1 Rhg6 39. Nxb5 Nf5 (39... Qf4 $11) 40. Rxg6 $16 Rxg6 41. Qd8+ Kg7 42. Nc7 (42. Rf1 Qd3 43. Qd7+ Kh8 $14) (42. Qc7+ $16 Kh8 43. Qd8+ Kg7 44. Qd7+ (44. Rf1 Qd3 $14) 44... Kh8 45. Qf7) 42... h5 $11 (42... Kh6 43. a3 $16) 43. Ne8+ Kh6 44. Nf6 Qf3 45. a3 h4 46. Qf8+ $2 (46. Qh8+ Kg5 47. Rg1+ Ng3 48. Nh7+ Kg4 $15) (46. Ng8+ $11 Kh5 47. Nf6+ Kg5 48. Nd5+ (48. Rg1+ Kf4 $11) 48... Kh5 49. Nf6+ Kg5 50. Rg1+ Kf4 51. Nd5+ (51. Rxg6 Qf1+ 52. Ka2 Qc4+ 53. b3 Qe2+ 54. Ka1 Qf1+ 55. Kb2 Qf2+ 56. Kc1 Qf1+ 57. Kd2 Qf2+ 58. Kd3 Qf1+ 59. Kd2 Qf2+ 60. Kd3 Qf1+ 61. Kd2 $11) 51... Qxd5 52. Rxg6 Qd1+ 53. Ka2 Qd5+ 54. Kb1 Qd3+ 55. Ka2 Qd5+ 56. Kb1 Qd3+ 57. Ka2 Qd5+) 46... Kg5 $19 47. Nh7+ (47. Rg1+ Ng3 48. Nh7+ Kg4) 47... Kg4 $4 {[%emt 0:00:02][%mdl 8192] [#]} (47... Kf4 $19 48. Qf7 Rg2 49. Qc4+ Kg3) 48. Qf7 $1 $18 Rg7 49. Rg1+ Qg3 50. Nf6+ (50. Rxg3+ hxg3 51. Qc4+ Kh3 $11) (50. Qc4+ $142 Kh5 51. Nf6+ Kh6 52. Rxg3 hxg3 53. Qe2) 50... Kg5 $18 {[%emt 0:00:02] [#]} 51. Rxg3+ $4 (51. Ne4+ $1 $18 {is the narrow road to win.} Kf4 52. Rf1+ Kxe4 53. Qxf5+ Ke3 54. Rd1 (54. Qc2 h3 $11)) 51... hxg3 $19 52. Ne4+ $2 (52. Nh7+ $11 {and White stays safe.} Kf4 53. Qc4+ Ke3 54. Qf1 (54. Nf6 g2 $17) 54... Rxh7 55. Qxf5 Rh1+ 56. Ka2) 52... Kf4 $19 53. Qc4 d5 $1 54. Qf1+ $2 (54. Qxd5 g2 55. Nc5 g1=Q+ 56. Ka2) 54... Kxe4 $19 55. Qb1+ Kf4 56. Qf1+ Kg5 57. a4 Nh4 58. Qe1 Kf5 59. Qf1+ Ke6 $2 (59... Kg4 $19 60. Qf6 Rg6 61. Qxe5 g2) 60. Qh3+ $2 (60. Qf8 $1 $11 {and White is okay.} Rg5 61. c4 (61. Qc8+ $2 Ke7 $19)) 60... Nf5 $19 61. Qg2 e4 62. a5 Ke5 63. a6 $2 (63. b4 Nh4 64. Qg1) 63... Ra7 $2 (63... Rg6 $19 64. a7 Ra6+ 65. Kb1 Rxa7) 64. Qe2 Nh4 65. Qh5+ Nf5 $1 66. Qe2 Nh4 67. Qh5+ ({White should play} 67. Qb5 $11 Kf5 68. Kb1) 67... Nf5 $1 $16 68. Qe2 ({Don't take} 68. Qh8+ $6 Rg7 69. a7 g2 $16) (68. Qe8+ $16 Kf6 69. Qd8+ Re7 70. a7) 1/2-1/2

[Event "MCCT Oslo Esports Cup 2022"]
[Site "Oslo"]
[Date "2022.04.20"]
[Round "5.2"]
[White "Duda, Jan-Krzysztof"]
[Black "Le, Quang Liem"]
[Result "1-0"]
[ECO "A13"]
[WhiteElo "2750"]
[BlackElo "2709"]
[Annotator "TA"]
[PlyCount "135"]
[EventDate "2022.04.14"]
[EventType "tourn"]
[EventCountry "NOR"]
[SourceTitle "playchess.com"]
[Source "ChessBase"]
[SourceQuality "1"]
[TimeControl "900+10"]

1. Nf3 d5 2. c4 e6 3. b3 Nf6 4. Bb2 Be7 5. e3 O-O 6. Rg1 c5 7. g4 Nc6 8. d3 d4 9. g5 Ne8 10. Nbd2 e5 11. Qe2 Nd6 12. O-O-O Rb8 13. Bg2 Re8 14. h4 Bg4 15. Bh1 Bh5 16. Nf1 b5 17. Ng3 Bg4 18. Ne4 Bh5 19. Ng3 Bxf3 20. Bxf3 Nb4 21. Kb1 Qa5 22. a3 {[%emt 0:00:54] [#]} Na6 (22... Nxd3 $1 $17 23. Qxd3 bxc4 24. bxc4 Qc3 25. Qxc3 dxc3) 23. Qc2 $1 $11 Nc7 24. exd4 exd4 25. Bc6 ({Better is} 25. Rde1 $11) 25... Rec8 26. Ne4 Qb6 27. Nxd6 Bxd6 28. Be4 a5 (28... bxc4 $15 29. dxc4 Qxb3 30. Bxh7+ Kf8 31. Qxb3 Rxb3) 29. h5 a4 30. g6 fxg6 31. hxg6 h6 32. bxa4 b4 33. Ka1 Rf8 (33... Qa7 $11) 34. Rb1 ({White should try} 34. axb4 $16 {Hoping for b5.} Qxb4 35. Rb1) 34... b3 $11 35. Qe2 Qa6 36. Rh1 Qxa4 $2 (36... Rbe8 $11 {and Black has nothing to worry.}) 37. Bd5+ $18 Kh8 38. Bf7 Rxf7 (38... Qd7 $142 39. Qd2 Rxf7 40. gxf7 Kh7) 39. gxf7 $18 Qd7 40. Bc1 Bf8 {[%emt 0:00:11] [#]} 41. Qf3 (41. Bxh6 $142 $1 gxh6 42. Qe5+ Kh7 43. Qe4+ Kg7 44. Rxh6 $3 b2+ 45. Ka2 Kxf7 46. Qg6+ Ke7 47. Qf6+ Ke8 48. Re1+ Qe7 49. Rxe7+ Bxe7 50. Qc6+ Kf8 51. Rh8+ Kg7 52. Rxb8) 41... Rb6 {[%emt 0:00:06] [#]} 42. Rb2 $2 (42. Bxh6 $1 {[%cal Of3g2][%mdl 512] Intending Qg2! and mate.} Rxh6 43. Rxh6+ gxh6 44. Rg1) 42... Kh7 $2 {[%emt 0:00:17] [#]} (42... Qe7 43. Qh5 Qf6) 43. Re2 (43. Rxb3 $142 $3 Rf6 44. Rxh6+ $3 Rxh6 45. Bxh6 gxh6 46. Qg3 Qxf7 47. Rb7) 43... Rf6 $18 44. Qe4+ g6 $2 {[%emt 0:00:11] [#]} (44... Kh8 $18 45. Qe8 b2+ 46. Bxb2 (46. Kxb2 Nxe8 47. Rxh6+ gxh6 $14) 46... Qxf7 47. Qxf7 Rxf7) 45. Qh4 (45. Bxh6 $142 $1 b2+ 46. Kb1 Bxh6 47. Qh4 g5 48. f8=Q Qg7 49. Re7 $1 gxh4 50. Qxf6) 45... Rf5 $18 46. Qe4 $2 ({Only move:} 46. Bxh6 $18 {White threatens Bg5+ and mate.} Rh5 47. Bxf8 Qxf7 {[#]} 48. Qe4 $1) 46... Qxf7 $2 (46... Rf6 $1 $11 {and Black stays safe.}) 47. f4 h5 48. Kb2 Rf6 $2 (48... Bd6 49. Bd2 (49. Kxb3 Kg7 $18) 49... Kg7) 49. Rxh5+ $18 Kg8 50. Rg5 Ne6 51. Rg4 Ng7 52. Qd5 Qxd5 53. cxd5 Rb6 54. Rg1 Kf7 55. Bd2 Ra6 56. Kxb3 c4+ 57. Kxc4 Rxa3 58. Rb1 Ra4+ 59. Kb5 Ra2 60. Rbe1 Ra3 61. Rc1 Bd6 $2 (61... Rb3+ 62. Kc4 Rb7) 62. Rc8 Nf5 63. Rd8 Rxd3 64. Rd7+ Kf8 65. Kc4 Ra3 66. Bb4 Re3 67. Rxd6 Rxe2 68. Re6+ 1-0

[Event "MCCT Oslo Esports Cup 2022"]
[Site "Oslo"]
[Date "2022.04.20"]
[Round "5.2"]
[White "Hansen, Eric"]
[Black "Praggnanandhaa R"]
[Result "1/2-1/2"]
[ECO "C84"]
[WhiteElo "2606"]
[BlackElo "2624"]
[Annotator "TA"]
[PlyCount "143"]
[EventDate "2022.04.14"]
[EventType "tourn"]
[EventCountry "NOR"]
[SourceTitle "playchess.com"]
[Source "ChessBase"]
[SourceQuality "1"]
[TimeControl "900+10"]

1. e4 e5 2. Nf3 Nc6 3. Bb5 a6 4. Ba4 Nf6 5. O-O Nxe4 6. d4 Be7 7. Re1 b5 8. Rxe4 {[%emt 0:01:06] Threatens to win with Bb3. C84: Closed Ruy Lopez: Unusual White 6th moves.} d5 {[%emt 0:00:03] [#]} 9. Nxe5 $1 Nxe5 10. Rxe5 {[%emt 0:00:01] White is slightly better.} bxa4 11. Nc3 O-O 12. Rxd5 Bd6 $1 {[%emt 0:00:02][%cal Oa4a3] [#]} 13. Rh5 $5 $146 {[%emt 0:04:26][%mdl 8] An interesting novelty.} ({Predecessor:} 13. Bf4 Be6 14. Bxd6 cxd6 15. Rh5 g6 16. Rh6 a3 17. bxa3 Rc8 18. Ne4 Bf5 19. Ng3 Bxc2 {½-½ (42) Shirov,A (2662)-Martinez Alcantara,J (2620) Chess.com INT 2020}) 13... g6 14. Ra5 $36 {[%emt 0:00:26][%mdl 2048] White is more active.} Re8 15. Bg5 f6 16. Bh4 Bb7 {[%emt 0:00:37] Inhibits Qf3.} ({Black should try} 16... a3 $14) 17. Rxa4 (17. a3 $142) 17... Qe7 (17... Bc6 $16 {keeps fighting.}) 18. Bg3 Bb4 19. d5 {[%emt 0:03:05] Prevents Bc6.} Qc5 20. h3 (20. Qd3 $16 {aiming for Ne4.} f5 21. Rd1) 20... Rad8 ({Black should play} 20... Bxc3 $14 21. bxc3 Bxd5) 21. Qd3 (21. Bxc7 {with more complications.} Bxc3 22. Bxd8 Re1+ 23. Qxe1 Bxe1 24. Rxe1 Qxd5 25. Rae4) 21... Bxc3 22. Qxc3 Qxc3 23. bxc3 {[%emt 0:00:00] c4 is the strong threat.} Rxd5 24. Rb1 Rb5 25. Rb3 Re1+ 26. Kh2 Re2 27. c4 Rxb3 28. cxb3 $11 {[%emt 0:00:00][%mdl 4096] Endgame KRB-KRB} f5 29. Rb4 ({But not} 29. Bxc7 Rxf2 30. Kg1 Rxg2+ 31. Kf1 Rc2 $11) 29... Be4 30. Kg1 Re1+ 31. Kh2 Re2 {[%emt 0:00:00] The position is equal.} 32. h4 f4 33. Bxf4 {[%emt 0:00:03] White wants to play Rb8+.} Rxf2 34. Bxc7 Rxg2+ 35. Kh3 {[%emt 0:00:01] Threatening Ra4.} Rxa2 36. c5 Bd5 37. Rb6 Ra3 38. Kg4 Rxb3 39. Rxa6 Rc3 40. Bd6 h6 41. Ra7 (41. Kf4 $5 ) 41... Rc4+ 42. Kg3 g5 43. hxg5 hxg5 44. Re7 Re4 45. Rd7 Re3+ 46. Kf2 Rf3+ 47. Ke2 Rf7 48. Rd8+ Kh7 49. Be5 Bb7 50. Ke3 Kg6 51. Kd4 Kf5 52. Bd6 Rh7 53. Rf8+ Ke6 54. Re8+ Kf5 55. Kc3 Bc6 56. Rc8 Bb7 57. Rb8 Bd5 58. Re8 Bc6 59. Rc8 Bb7 60. Rf8+ Ke6 61. Kb4 Rh1 62. Re8+ Kf5 63. Ka5 Rb1 64. Rb8 Ke6 65. Re8+ Kd5 66. Re5+ Kc4 67. Rxg5 Rb5+ 68. Ka4 {[%emt 0:00:03] [#] White wants to mate with Rg4+.} Bc6 69. Ka3 Kc3 70. Rg3+ Kc2 71. Bc7 {[%emt 0:00:31] Inhibits Ra5+.} Rxc5 {[%emt 0:00:22] ( -> ...Rc4)} 72. Kb4 {[%emt 0:00:07] Inhibits Rc4+.  Weighted Error Value: White=0.08 (flawless) /Black=0.07 (flawless)} 1/2-1/2

[Event "MCCT Oslo Esports Cup 2022"]
[Site "Oslo"]
[Date "2022.04.20"]
[Round "5.3"]
[White "Mamedyarov, Shakhriyar"]
[Black "Giri, Anish"]
[Result "1-0"]
[ECO "E61"]
[WhiteElo "2771"]
[BlackElo "2773"]
[Annotator "TA"]
[PlyCount "61"]
[EventDate "2022.04.14"]
[EventType "tourn"]
[EventCountry "NOR"]
[SourceTitle "playchess.com"]
[Source "ChessBase"]
[SourceQuality "1"]
[TimeControl "900+10"]

1. d4 Nf6 2. c4 g6 3. Nf3 Bg7 4. e3 O-O 5. Be2 c5 6. d5 d6 7. Nc3 e6 8. O-O {[%emt 0:00:08] E61: King's Indian: Early deviations for White, including Smyslov System.} Re8 9. Nd2 Na6 10. e4 {[%emt 0:00:05] The position is equal.} b6 11. Re1 Nc7 12. h3 Rb8 13. a4 exd5 {[%emt 0:00:07] [#]} 14. cxd5 $146 ({Predecessor:} 14. exd5 Na6 15. Nf1 Nb4 16. Ng3 h6 17. Bf4 g5 18. Bd2 Rb7 19. Qb3 Rbe7 20. Bf1 {½-½ (90) Postny,E (2611)-Cheparinov,I (2677) Sibenik 2016}) 14... a6 {[%emt 0:00:11] Against Bb5} 15. Bd3 b5 16. axb5 axb5 17. Nf3 c4 18. Bb1 {[%emt 0:00:08] [#]} (18. Bf1 $1 $11 {keeps the balance.}) 18... b4 (18... Bd7 $1 $17 19. e5 b4 20. exf6 bxc3 21. Rxe8+ (21. fxg7 cxb2 22. Rxe8+ Nxe8 $15) 21... Nxe8 22. fxg7 cxb2) 19. Ne2 $1 $11 Nb5 20. Ra4 Nxe4 21. Rxb4 Bf5 22. Be3 Qa5 23. Ra4 ({Reject} 23. Rxc4 Bxb2 24. Bxe4 Rxe4 $15) 23... Qc7 24. Qc1 Nc5 25. Bxc5 {[%emt 0:01:15] Be3 is the strong threat.} ({Much worse is} 25. Rxc4 Bxb1 26. Qxb1 {[#]} Na3 $1 27. Rxc5 Qxc5 $17) 25... Bxb1 26. Bd4 {[%emt 0:01:49] Hoping for Bxg7.} Nxd4 27. Nexd4 Rxe1+ 28. Qxe1 Bf5 (28... Rxb2 $2 29. Qe8+ Bf8 30. Ra8 $18) 29. Nc6 {[%emt 0:03:02] Pair of Knights!} Bxb2 $2 (29... c3 $1 $14 30. Nxb8 cxb2 31. Qe8+ Bf8) 30. Nxb8 $18 Qxb8 31. Rb4 {[%emt 0:00:16] Weighted Error Value: White=0.10 (very precise) /Black=0.29 (precise)} 1-0

[Event "MCCT Oslo Esports Cup 2022"]
[Site "Oslo"]
[Date "2022.04.20"]
[Round "5.3"]
[White "Van Foreest, Jorden"]
[Black "Carlsen, Magnus"]
[Result "1/2-1/2"]
[ECO "C50"]
[WhiteElo "2714"]
[BlackElo "2864"]
[Annotator "TA"]
[PlyCount "121"]
[EventDate "2022.04.14"]
[EventType "tourn"]
[EventCountry "NOR"]
[SourceTitle "playchess.com"]
[Source "ChessBase"]
[SourceQuality "1"]
[TimeControl "900+10"]

1. e4 e5 2. Nf3 Nc6 3. Bc4 Bc5 4. d3 Nf6 5. Bg5 h6 6. Bh4 Be7 {[%emt 0:00:08] C50: Hungarian Defence and Giuoco Pianissimo.} 7. Bg3 d6 8. c3 O-O 9. a4 Nh7 10. Nbd2 Kh8 11. a5 a6 12. O-O f5 13. exf5 Bxf5 14. Re1 Ng5 {[%emt 0:00:03] [#]} 15. Nxg5 $146 ({Predecessor:} 15. Qb3 Rb8 16. Nxg5 Bxg5 17. Ne4 Bh4 18. Be6 Bh7 19. Bg4 Na7 20. Qd1 Nb5 21. Qe2 c5 22. Bf3 Rc8 {½-½ (22) Tomashevsky,E (2711)-Aronian,L (2785) Sharjah 2017}) 15... Bxg5 16. Nf3 Bf6 17. Bd5 Rb8 18. Be4 Qd7 19. Bxf5 Qxf5 20. Qe2 Rbe8 21. Qe4 Qxe4 22. dxe4 g5 23. Nd2 g4 24. Nc4 Bg5 {[%emt 0:00:49] White should prevent ...h5.} (24... h5 $5 25. f3 gxf3 26. gxf3 Re6 $17) 25. Rf1 $1 h5 26. f3 gxf3 27. Rxf3 Nd8 28. Raf1 Rxf3 29. Rxf3 Kg7 30. h4 Be7 31. Ne3 Ne6 32. Bf2 Bd8 33. b4 Rf8 34. Rxf8 Nxf8 $11 {[%emt 0:00:02][%mdl 4096] Endgame KBN-KBN} 35. g3 Nd7 {[%emt 0:00:20] White must now prevent ...Nf6.} 36. Kg2 Nf6 37. Kf3 Kg6 38. Be1 Be7 39. c4 Bf8 40. Bc3 Bh6 41. Nf5 Bc1 42. c5 dxc5 43. bxc5 {[%emt 0:00:02][%cal Oc5c6] Threatens to win with c6!} Nd7 (43... Ng4 $1 $11) 44. c6 $1 $16 bxc6 45. Ne7+ Kf6 46. Nxc6 Ke6 47. g4 {[%emt 0:01:06] &Bianco is more active.} hxg4+ 48. Kxg4 Nf6+ $2 (48... Nc5 $1 $11 {and Black stays safe.}) 49. Kf3 $18 {[%emt 0:00:02] aiming for Nb4.} Nd7 {[%emt 0:00:10] [#]} 50. Nb4 $1 Nc5 {[%emt 0:00:05] [#]} 51. h5 (51. Nd5 $1 $18) 51... Kf6 $1 $11 52. Nd5+ {[%emt 0:00:03] The position is equal.} Kg5 53. Bxe5 Kxh5 54. Bxc7 Bd2 55. Ke2 Nxe4 56. Kd3 Bxa5 $1 57. Kxe4 Bxc7 58. Nxc7 a5 59. Nb5 a4 60. Kd4 a3 61. Nxa3 {[%emt 0:00:01] Weighted Error Value: White=0.09 (flawless) /Black=0.11 (very precise)} 1/2-1/2

[Event "MCCT Oslo Esports Cup 2022"]
[Site "Oslo"]
[Date "2022.04.20"]
[Round "5.3"]
[White "Le, Quang Liem"]
[Black "Duda, Jan-Krzysztof"]
[Result "1/2-1/2"]
[ECO "D85"]
[WhiteElo "2709"]
[BlackElo "2750"]
[Annotator "TA"]
[PlyCount "136"]
[EventDate "2022.04.14"]
[EventType "tourn"]
[EventCountry "NOR"]
[SourceTitle "playchess.com"]
[Source "ChessBase"]
[SourceQuality "1"]
[TimeControl "900+10"]

1. d4 Nf6 2. c4 g6 3. Nc3 d5 4. cxd5 Nxd5 5. Bd2 Bg7 6. e4 Nb6 7. Be3 O-O 8. a4 Be6 9. d5 Bc8 10. a5 N6d7 11. Nf3 Ne5 12. Nxe5 Bxe5 13. f4 Bg7 14. Bc4 c6 {[%emt 0:00:13] [#]} (14... e5 $14) 15. e5 $1 $16 cxd5 16. Bxd5 (16. Qxd5 Nc6 $14) 16... Nc6 17. a6 Rb8 18. O-O Bd7 19. Qf3 Qe8 20. Rfd1 bxa6 21. Rxa6 Nxe5 (21... Rc8 $16 22. Rd2 e6) 22. fxe5 $18 Qc8 23. Rda1 (23. Rxa7 $6 Bg4 24. Qe4 Bxd1) (23. Bxa7 Qxa6 24. Bxb8 Qb6+ 25. Kh1 Qxb8 $17) 23... Rxb2 24. Bd4 (24. Bxa7 Bxe5 25. Bc6 Bxc6 26. Rxc6 Qa8 $16) (24. Rxa7 Qxc3 25. Rxd7 Rb3 26. Bxb3 Qxa1+ 27. Rd1 Qxe5 $18) 24... e6 25. Bc6 Bxc6 26. Rxc6 (26. Qxc6 $6 Qxc6 27. Rxc6 Rd8 $18) 26... Qb8 27. Ne4 (27. Rxa7 Bxe5 28. Rd7 Bxd4+ 29. Rxd4 Rd8 30. Rxd8+ Qxd8 $16) 27... Rb4 28. Rd1 ({Wrong is} 28. Rxa7 $2 Rxd4 29. Ra1 Bxe5 $19) ({Don't blunder} 28. Bxa7 $2 Rb1+ 29. Rxb1 Qxb1+ 30. Qf1 Qxe4 $19) 28... Rd8 29. Nd6 Rf8 30. h3 a5 31. Bc3 Rb1 32. Rxb1 Qxb1+ 33. Kh2 Qb8 34. Qe4 Qa7 35. Qd4 Qxd4 36. Bxd4 Ra8 37. Rc8+ Rxc8 38. Nxc8 a4 39. Kg3 h5 40. Nd6 Bf8 41. Nb5 a3 42. Kf3 g5 $2 (42... Kg7 $16 43. Ke2 Kh6) 43. Ke4 (43. g4 $142) 43... Kg7 $2 {[%emt 0:00:05] [#]} (43... h4 {was called for.} 44. Kd3 Kg7) 44. g4 $1 $18 hxg4 45. hxg4 Be7 46. Ba1 Kg6 47. Kd3 $2 (47. Nd4 $18) 47... a2 $1 $14 48. Nc3 f5 49. exf6 Bxf6 50. Kc2 Bd4 51. Kd3 Be5 52. Bb2 Kf7 53. Kc4 Ke7 54. Kb3 Kd6 55. Ba3+ Kc6 56. Nxa2 Kd5 $1 57. Bc1 Ke4 58. Bxg5 Kf3 59. Be7 Kxg4 60. Kc4 Kf5 61. Nb4 Bf6 62. Bc5 Be5 63. Nd3 Bf4 64. Bd4 Ke4 65. Nc5+ Kf5 66. Nd3 Ke4 67. Nxf4 e5 68. Bxe5 Kxe5 1/2-1/2

[Event "MCCT Oslo Esports Cup 2022"]
[Site "Oslo"]
[Date "2022.04.20"]
[Round "5.3"]
[White "Praggnanandhaa R"]
[Black "Hansen, Eric"]
[Result "1-0"]
[ECO "D90"]
[WhiteElo "2624"]
[BlackElo "2606"]
[Annotator "TA"]
[PlyCount "71"]
[EventDate "2022.04.14"]
[EventType "tourn"]
[EventCountry "NOR"]
[SourceTitle "playchess.com"]
[Source "ChessBase"]
[SourceQuality "1"]
[TimeControl "900+10"]

1. d4 Nf6 2. c4 g6 3. Nc3 d5 4. cxd5 Nxd5 5. e4 Nxc3 6. bxc3 Bg7 7. Qa4+ {[%emt 0:00:01] 7.Nf3 is the modern continuation.} c6 8. Nf3 O-O {[%emt 0:00:01][%cal Oc6c5] D90: Grünfeld: 4 Nf3 Bg7 sidelines.} 9. Be2 b5 10. Qa3 Nd7 {[%emt 0:00:08] The position is equal.} 11. O-O Re8 12. Bg5 Nb6 13. Rad1 {[%emt 0:02:25] [#]} Qd6 $146 ({Predecessor:} 13... a6 14. Nd2 Be6 15. Nb3 Bc4 16. Rfe1 Bxe2 17. Rxe2 Nc4 18. Qc5 Qd6 19. a4 h6 {½-½ (66) Hofmann,T (2262)-Belke,F (2300) Austria 2018}) 14. Qc1 Be6 15. Bf4 Qd8 16. Ne5 Qc8 (16... Bxe5 $5 17. dxe5 Qc8 $11) 17. Qc2 f6 18. Nd3 Bf7 19. e5 Na4 20. Rfe1 a5 21. Bg3 Qe6 22. Rd2 g5 (22... Qxa2 $11 {remains equal.} 23. Qxa2 Bxa2 24. Rxa2 Nxc3) 23. Bf1 {[%emt 0:00:51] Black must now prevent exf6.} Qd5 (23... Qc4 $11 {keeps the balance.}) 24. h4 h6 ({Better is} 24... Bg6 $14) 25. hxg5 hxg5 26. Qc1 Bg6 27. f4 {[%emt 0:00:23] Rf2 is the strong threat.} Bh6 $2 {[%emt 0:00:16][%mdl 8192] [#] This move loses the game for Black.} (27... g4 $16) 28. fxg5 $1 $18 fxg5 29. e6 Rf8 30. Ne5 Bf5 (30... Qxe6 31. Nxg6 Qxg6) 31. Nf7 {[%emt 0:00:45] White is clearly winning.} Rxf7 32. c4 Qxe6 33. Rxe6 Bxe6 34. cxb5 g4 {[%emt 0:00:02] [#]} 35. Qxc6 $1 Be3+ (35... Bxd2 36. Qxe6) 36. Bf2 {[%emt 0:00:36] Weighted Error Value: White=0.11 (very precise) /Black=0.30} 1-0

[Event "MCCT Oslo Esports Cup 2022"]
[Site "Oslo"]
[Date "2022.04.20"]
[Round "5.4"]
[White "Carlsen, Magnus"]
[Black "Van Foreest, Jorden"]
[Result "1/2-1/2"]
[ECO "D02"]
[WhiteElo "2864"]
[BlackElo "2714"]
[Annotator "TA"]
[PlyCount "134"]
[EventDate "2022.04.14"]
[EventType "tourn"]
[EventCountry "NOR"]
[SourceTitle "playchess.com"]
[Source "ChessBase"]
[SourceQuality "1"]
[TimeControl "900+10"]

1. g3 d5 2. Nf3 Nc6 3. d4 g6 4. Bg2 Bg7 5. O-O Nf6 6. b3 O-O 7. Bb2 {[%emt 0:00:03] D02: 1 d4 d5 2 Nf3 sidelines, including 2...Nf6 3 g3 and 2...Nf6 3 Bf4.} Re8 8. Nbd2 e5 9. Nxe5 {[%emt 0:01:12] White is slightly better.} Nxe5 10. dxe5 Ng4 11. Nf3 {[%emt 0:02:34] [#]} Nxe5 $146 ({Predecessor:} 11... c5 12. h3 Nxe5 13. Nxe5 Bxe5 14. Bxe5 Rxe5 15. f4 Re3 16. Rf3 Rxf3 17. Bxf3 Be6 {1-0 (56) Monte,E (1701)-Lima,A (1847) Fortaleza 2011}) 12. Nxe5 Bxe5 13. Bxe5 Rxe5 14. e4 {[%emt 0:00:34][%cal Re4d5] Against Bf5} d4 15. c3 c5 16. cxd4 cxd4 17. Qd2 Rc5 (17... Be6 $11 {was preferrable.}) 18. Rfd1 Be6 19. Qxd4 Qxd4 20. Rxd4 Rac8 21. Bf1 Ra5 22. a4 Bxb3 23. Rb4 Bc2 24. Rxb7 Bxe4 25. Rb5 Rxb5 26. axb5 $11 {[%emt 0:00:02][%mdl 4096] Endgame KRB-KRB} Rc7 27. f4 Bf5 28. Kf2 Re7 29. Rc1 Kg7 30. Rc6 h5 31. Be2 Be4 32. Rc5 Kf6 33. h3 Bb7 34. Rc3 Bd5 35. Ra3 Be6 36. Ra6 Kg7 37. g4 hxg4 38. hxg4 Bc8 39. Rc6 Bb7 40. Rd6 Be4 41. Bc4 Bb7 42. f5 gxf5 43. gxf5 {[%emt 0:00:02] [#] f6+ is the strong threat.} Rc7 44. Bd3 Bc8 45. Ke3 f6 46. Rd8 Kf7 47. Be4 Ke7 48. Rh8 Bd7 49. Rh7+ Kd6 50. Rf7 Bxb5 51. Rxf6+ Kc5 52. Rf8 a5 53. Ra8 a4 54. Kf4 Kb4 55. Rb8 Kc5 56. Ra8 Kb4 57. f6 Bc4 58. Rb8+ Kc3 59. Ra8 Kb4 60. Ke5 a3 61. Bb1 {[%emt 0:00:12] Inhibits a2.} Rc5+ 62. Kd6 Rd5+ 63. Kc6 $2 (63. Ke7 $11) 63... Ra5 $2 (63... Rd1 $19 {Threatens to win with ...Bd5+.} 64. Rb8+ Kc3) 64. Rxa5 $4 (64. Rb8+ $11 Kc3 65. Rc8) 64... Kxa5 $19 65. Kc5 {[%emt 0:00:00] [#]} a2 $2 66. Bxa2 $1 $11 Bxa2 67. f7 Bxf7 {[%emt 0:00:00] Weighted Error Value: White=0.03 (flawless) /Black=0.02 (flawless)} 1/2-1/2

[Event "MCCT Oslo Esports Cup 2022"]
[Site "Oslo"]
[Date "2022.04.20"]
[Round "5.4"]
[White "Giri, Anish"]
[Black "Mamedyarov, Shakhriyar"]
[Result "1/2-1/2"]
[ECO "C42"]
[WhiteElo "2773"]
[BlackElo "2771"]
[Annotator "TA"]
[PlyCount "108"]
[EventDate "2022.04.14"]
[EventType "tourn"]
[EventCountry "NOR"]
[SourceTitle "playchess.com"]
[Source "ChessBase"]
[SourceQuality "1"]
[TimeControl "900+10"]

1. e4 e5 2. Nf3 Nf6 3. Nxe5 d6 4. Nf3 Nxe4 5. d4 d5 6. Bd3 Be7 7. O-O Bf5 8. Re1 O-O 9. Nbd2 $1 {[%emt 0:00:02][%cal Rd2e4][%mdl 4] outshines the older 9.c4. C42: Petroff Defence: 3 Nxe5 and unusual White 3rd moves.} Nd6 10. Nf1 Nd7 11. Bf4 {[%emt 0:01:05] White is slightly better.} Bxd3 12. Qxd3 Re8 13. Re2 {[%emt 0:01:30] [#]} Nf8 $146 ({Predecessor:} 13... c6 14. Rae1 Nf6 15. Ng3 Bf8 16. Rxe8 Ndxe8 17. h4 Qa5 18. a3 Qb5 19. Qc3 Nd6 20. Bxd6 Bxd6 {½-½ (30) Vocaturo,D (2632)-Laurusas,T (2553) Terme Catez 2021}) 14. Qb3 Ne6 15. Bxd6 Qxd6 16. Ne3 c6 17. Qxb7 Rab8 18. Qa6 Rxb2 19. Qxa7 {[%emt 0:00:12] Threatens to win with Nf5.} g6 {[%emt 0:00:42] Prevents Nf5.} 20. Qa6 Bf6 21. c3 Rxe2 (21... Nc7 $5 22. Qd3 Qa3 $11) 22. Qxe2 Qa3 $1 23. Qc2 h5 24. h4 Ra8 (24... Rb8 $5 ) 25. g3 Nc7 (25... Kg7 $11) 26. c4 (26. Rb1 $1 $14) 26... Ne6 27. Rd1 ({But not} 27. cxd5 Nxd4 28. Nxd4 Bxd4 $11) 27... Kg7 28. cxd5 cxd5 29. Qb3 Ra5 30. Kg2 Qxa2 31. Qxa2 Rxa2 32. Nxd5 Ra4 33. Nc3 {[%emt 0:00:50] Pair of Knights!} Rc4 34. Ne2 Nc7 35. d5 Nb5 36. d6 {[%emt 0:00:38] d7 is the strong threat.} Rc6 ({Black should play} 36... Rc2) 37. d7 $16 Rd6 38. Rxd6 Nxd6 {[%emt 0:00:00][%mdl 4096] Endgame [#] KBN-KNN} 39. Ne5 Nb7 40. Nc6 {[%emt 0:00:02] Black must now prevent Nf4.} Bd8 41. Nf4 ({White should try} 41. Kf3 $16) 41... Kf6 $14 42. Kf3 {[%emt 0:00:09] &Bianco is more active.} (42. Kh3 $16) 42... Kf5 $11 {[%emt 0:00:06] Against g4+} 43. Ke2 Bf6 {[%emt 0:01:26] [#]} (43... Bc7 $1 $11 {remains equal.}) 44. Ke3 $1 $16 {[%emt 0:01:01] Strongly threatening f3.} Bd8 45. Kd4 Bb6+ 46. Kd3 ({White must play} 46. Kd5 $16 Bxf2 47. Ne2) 46... Bxf2 {[%emt 0:00:05] The position is equal.} 47. d8=Q Nxd8 48. Nxd8 Bxg3 49. Nd5 Bxh4 50. Nxf7 Ke6 51. Nh8 Kxd5 52. Nxg6 Bg5 53. Ke2 $1 h4 54. Nxh4 Bxh4 {[%emt 0:00:00] Weighted Error Value: White=0.18 (very precise) /Black=0.11 (very precise)} 1/2-1/2